 Dungeon Crawl Stone Soup version 0.30-a0-643-g638baaf3f0 (webtiles) character file.

Game seed: 6493724337418093489

1276 Citaku the Covered (level 8, -3/70 HPs)
             Began as a Minotaur Fighter on Jan 16, 2023.
             Slain by a gnoll bouda
             ... wielding a +0 club
              (5 damage)
             ... on level 6 of the Dungeon.
             The game lasted 00:03:41 (2768 turns).

Citaku the Covered (Minotaur Fighter)               Turns: 2768, Time: 00:03:42

Health: -3/70      AC: 10    Str: 22    XL:     8   Next: 28%
Magic:  7/7        EV:  9    Int:  5    God:
Gold:   216        SH:  5    Dex: 11    Spells: 7/7 levels left

rFire   . . .      SeeInvis .    a - +0 war axe
rCold   + . .      Faith    .    c - +0 buckler
rNeg    . . .      Spirit   .    b - +0 scale mail
rPois   .          Reflect  .    (helmet restricted)
rElec   .          Harm     .    y - +0 cloak
rCorr   .          Rampage  .    (no gloves)
Will    .....                    z - +0 pair of boots Stlth
                                 (no amulet)
HPRegen 0.31/turn                m - ring of protection from cold
MPRegen 0.10/turn                (no ring)

@: no status effects
A: horns 2, retaliatory headbutt
a: no special abilities


You were on level 6 of the Dungeon.
You visited 1 branch of the dungeon, and saw 5 of its levels.

You collected 216 gold pieces.

Inventory:

Hand Weapons
 a - a +0 war axe (weapon)
Missiles
 B - 4 javelins (quivered)
Armour
 b - a +0 scale mail (worn)
 c - a +0 buckler (worn)
 y - a +0 cloak (worn)
 z - a +0 pair of boots (worn)
Jewellery
 m - a ring of protection from cold (left hand)
Wands
 u - a wand of digging (1)
Scrolls
 d - a scroll of magic mapping {unknown}
 e - 2 scrolls of fear {unknown}
 f - 6 scrolls of teleportation {unknown}
 h - a scroll of enchant weapon {unknown}
 i - a scroll of enchant armour {unknown}
 k - a scroll of summoning {unknown}
 o - a scroll of silence {unknown}
 p - 5 scrolls of identify {unknown}
 q - 2 scrolls of amnesia {unknown}
 r - a scroll of blinking {unknown}
 s - a scroll of vulnerability {unknown}
 A - a scroll of torment {unknown}
Potions
 g - a potion of haste {unknown}
 j - a potion of curing {unknown}
 l - a potion of mutation {unknown}
 n - 2 potions of attraction {unknown}
 t - 2 potions of ambrosia {unknown}
 v - 2 potions of invisibility {unknown}
 w - a potion of brilliance {unknown}
 x - a potion of degeneration {unknown}


   Skills:
 + Level 6.1 Fighting
 * Level 7.2 Axes
 * Level 7.9 Armour
 + Level 6.1 Shields


You had 7 spell levels left.
You didn't know any spells.
Your spell library contained the following spells:

 Spells                   Type           Power      Damage    Failure   Level
 Freeze                   Ice            0%         1d3       85%         1
 Frozen Ramparts          Ice            0%         1d1       99%         3
 Hailstorm                Conj/Ice       0%         3d3       99%         3


Dungeon Overview and Level Annotations

Branches:
Dungeon (6/15)
 Temple: D:4-7

Altars:
Elyvilon

Annotations:
D:6 Eustachio


Innate Abilities, Weirdness & Mutations

You have a pair of horns on your head.
You reflexively headbutt those who attack you in melee.


Message History

Your attacks no longer feel as feeble.
The gnoll hits you but does no damage.
Eustachio mumbles some strange words.
The gnoll bouda hits you but does no damage.
The gnoll hits you with a +0 whip.
* * * LOW HITPOINT WARNING * * *
You struggle against the net.
The shadow imp disappears in a puff of smoke!
The white imp disappears in a puff of smoke!
The gnoll is no longer moving quickly.
The gnoll barely misses you. Eustachio hits you with a +0 rapier.
* * * LOW HITPOINT WARNING * * *
The gnoll bouda hits you but does no damage.
The gnoll barely misses you. You furiously retaliate!
You headbutt the gnoll!
You struggle against the net.
The gnoll is no longer moving quickly.
The gnoll completely misses you. Eustachio barely misses you.
You furiously retaliate!
You headbutt Eustachio!
The gnoll bouda barks out a call to the hunt!
The gnolls pick up the pace!
The shadow imp shouts, "Scamper hence, thou simpering half-faced flim-flammer!"
The gnoll hits you but does no damage.
You struggle against the net.
The gnoll hits you from afar with a +0 spear.
* * * LOW HITPOINT WARNING * * *
Eustachio hits you but does no damage.
The gnoll bouda calls upon its god to heal the gnoll.
The gnoll is healed somewhat.
The gnoll hits you with a +0 whip.
* * * LOW HITPOINT WARNING * * *
The crimson imp blinks!
You shred the net and break free!
The gnoll hits you from afar with a +0 spear.
* * * LOW HITPOINT WARNING * * *
Eustachio mumbles some strange words.
Eustachio blinks!
The gnoll bouda hits you with a +0 club.
* * * LOW HITPOINT WARNING * * *
The gnoll closely misses you.
The crimson imp blinks!
The gnoll bouda attacks as you move away!
The gnoll bouda hits you with a +0 club.
You die...

.#..>..#..### #..
##.#.....##.... #..
#..###.####..# #.. #.#
#..###..# #..## #.#
##.......## ###..5#
#.###..#.......
.$.@..####.....##.##....
#.ยง5#....#.###..#####
#gzg@...........# #
......zgg####......#.# #
.......rg# #.PP..##.##
.........# #####.##..#
..5......# #...#(###
.##......# #.#.....#
#..#....# #.......#
#.#>....# #.#.....##
#.........


You could see Eustachio, a gnoll bouda, 2 wights, 4 gnolls, 2 crimson imps, a
river rat (summoned) and a shadow imp (summoned).

Vanquished Creatures
  A water moccasin (D:6)
  2 ice beasts (D:6)
  3 ogres
  A black bear (D:4)
  A phantom (D:4)
  A kobold brigand (D:6)
  2 scorpions (D:5)
  A necrophage (D:6)
  A wight (D:6)
  An orc priest (D:5)
  2 hounds
  Ijyb (D:5)
  An orc wizard (D:5)
  2 iguanas
  2 adders
  2 worms
  A dart slug (D:2)
  10 orcs
  5 bats
  5 endoplasms
  3 giant cockroaches
  2 goblins
  2 hobgoblins (D:1)
  4 jackals
  A quokka (D:4)
  7 ball pythons
  A frilled lizard (D:1)
  9 kobolds
  6 rats
80 creatures vanquished.

Notes
Turn   | Place    | Note
-------+----------+-------------------------------------------
     0 | D:1      | Citaku the Minotaur Fighter began the quest for the Orb.
     0 | D:1      | Reached XP level 1. HP: 19/19 MP: 0/0
   382 | D:1      | Reached XP level 2. HP: 27/27 MP: 1/1
   542 | D:2      | Found a white marble altar of Elyvilon.
   737 | D:2      | Reached XP level 3. HP: 30/33 MP: 2/2
   910 | D:2      | You fall into a shaft and drop 2 floors!
   988 | D:4      | Noticed a black bear
   999 | D:4      | Killed a black bear
  1000 | D:4      | Reached skill level 5 in Armour
  1000 | D:4      | Reached XP level 4. HP: 31/41 MP: 3/3
  1000 | D:4      | Reached XP level 5. HP: 36/47 MP: 4/4
  1104 | D:4      | Noticed an ogre
  1111 | D:4      | Killed an ogre
  1462 | D:4      | Reached XP level 6. HP: 53/53 MP: 5/5
  1515 | D:4      | Reached skill level 5 in Axes
  1689 | D:5      | Entered Level 5 of the Dungeon
  1741 | D:5      | Noticed Ijyb
  1749 | D:5      | Killed Ijyb
  1752 | D:5      | Reached skill level 5 in Fighting
  1752 | D:5      | Reached skill level 5 in Shields
  1820 | D:5      | Reached XP level 7. HP: 49/61 MP: 6/6
  2468 | D:6      | Identified the +5 ring mail of Patience {Int+2}
  2650 | D:6      | Reached XP level 8. HP: 57/70 MP: 7/7
  2733 | D:6      | Noticed Eustachio
  2767 | D:6      | HP: 2/70 [gnoll bouda/+0 club (2)]
  2768 | D:6      | Slain by a gnoll bouda

Illustrated notes

Levels and vault maps discovered:
D:1:      ncdulo_halloftheorcs, layout_rooms, kennysheep_minor_cross,
          st_stairs_9, nrook_mini_backslash, hex_large
D:2:      minmay_recursive_quarters, layout_basic, basic_altar
D:4:      layout_loops_ring, minmay_misc_feat_rugged
D:5:      layout_rooms, uniq_ijyb
D:6:      layout_rooms, sigmund_edmund_badplayer, uniq_eustachio

Skill      XL: |  1  2  3  4  5  6  7  8 |
---------------+-------------------------+-----
Armour         | 4 5 6 7 |  7.9
Axes           | 3 4 5 6 7 |  7.2
Fighting       | 4 5 6 |  6.1
Shields        | 4 5 6 |  6.1

Action                   |  1- 3 |  4- 6 |  7- 9 || total
-------------------------+-------+-------+-------++-------
Melee: War axe           |    85 |    52 |    90 ||   227
       Headbutt          |    10 |     9 |     9 ||    28
  Use: Potion            |       |     1 |       ||     1
Armor: Scale mail        |    45 |    17 |    55 ||   117
Dodge: Dodged            |    50 |    17 |    60 ||   127
Block: Buckler           |    21 |    13 |    35 ||    69

Table legend: (Time is in decaauts)
 A = Elapsed time spent in this place.
 B = Non-inter-level travel time spent in this place.
 C = Inter-level travel time spent in this place.
 D = Time resting spent in this place.
 E = Time spent auto-exploring this place.
 F = Levels seen in this place.
 G = Mean time per level.
                   A        B        C        D        E       F      G
               +--------+--------+--------+--------+--------+-----+--------+
         Total |   2839 |   2802 |     37 |      0 |   2189 |   5 |  567.8 |
       Dungeon |   2839 |   2802 |     37 |      0 |   2189 |   5 |  567.8 |
               +--------+--------+--------+--------+--------+-----+--------+

Top non-repeatable levels by time:
     D:4: 799 daAuts
     D:5: 772 daAuts
     D:1: 466 daAuts
     D:2: 463 daAuts
     D:6: 337 daAuts
